 Dungeon Crawl Stone Soup version 0.29.1-12-g30fa7ad0bf (webtiles) character file.

Game seed: 10229380158207881011

3859 Coaxmetal the Digger (level 10, -5/63 HPs)
             Began as a Gargoyle Earth Elementalist on Dec 17, 2022.
             Killed themself with a badly aimed iceblast (14 damage)
             ... on level 10 of the Dungeon.
             The game lasted 00:19:12 (8997 turns).

Coaxmetal the Digger (Gargoyle Earth Elementalist)  Turns: 8997, Time: 00:19:13

Health: -5/63      AC: 13    Str: 12    XL:     10   Next: 18%
Magic:  19/19      EV: 12    Int: 20    God:
Gold:   499        SH:  0    Dex: 10    Spells: 17/21 levels left

rFire   . . .      SeeInvis .   F - +5 scimitar
rCold   . . .      Faith    .   (no shield)
rNeg    + . .      Spirit   .   j - +0 leather armour
rPois   ∞          Reflect  .   D - +0 helmet
rElec   +          Harm     .   f - +0 cloak
rCorr   .          Rampage  .   (no gloves)
Will    .....                   (no boots)
Stlth   ++........              (no amulet)
HPRegen 0.20/turn               (no ring)
MPRegen 0.16/turn               (no ring)

@: no status effects
A: sickness immunity, AC +7, negative energy resistance 1, electricity
resistance, torment resistance 1, petrification resistance
a: no special abilities


You were on level 10 of the Dungeon.
You visited 1 branch of the dungeon, and saw 10 of its levels.

You collected 499 gold pieces.

Inventory:

Hand Weapons
 F - a +5 scimitar (weapon)
Missiles
 e - 16 poisoned darts (quivered)
 u - a throwing net
 z - 4 curare-tipped darts
Armour
 f - a +0 cloak (worn)
 j - a +0 leather armour (worn)
 D - a +0 helmet (worn)
Jewellery
 g - an amulet of guardian spirit
 m - a ring of ice
Wands
 b - a wand of iceblast (3)
Scrolls
 a - 10 scrolls of identify {unknown}
 d - 5 scrolls of poison {unknown}
 i - a scroll of brand weapon {unknown}
 l - 3 scrolls of magic mapping {unknown}
 o - 4 scrolls of teleportation {unknown}
 p - 2 scrolls of enchant armour {unknown}
 q - 4 scrolls of noise {unknown}
 s - 2 scrolls of fear {unknown}
 w - 3 scrolls of immolation {unknown}
 x - 2 scrolls of amnesia {unknown}
 y - a scroll of silence {unknown}
 C - a scroll of summoning {unknown}
 E - a scroll of enchant weapon {unknown}
Potions
 c - a potion of cancellation {unknown}
 h - a potion of heal wounds
 k - a potion of invisibility {unknown}
 n - 4 potions of curing
 r - 4 potions of might {unknown}
 t - a potion of haste {unknown}
 v - a potion of resistance {unknown}
 A - 2 potions of berserk rage {unknown}
 B - a potion of ambrosia {unknown}
 G - a potion of lignification {unknown}


   Skills:
 + Level 7.0 Fighting
 - Level 5.0 Maces & Flails
 + Level 4.6 Armour
 - Level 5.0 Dodging
 - Level 2.4 Stealth
 + Level 6.4 Spellcasting
 - Level 3.0 Conjurations
 - Level 1.0 Transmutations
 + Level 7.3 Earth Magic


You had 17 spell levels left.
You knew the following spells:

 Your Spells              Type           Power      Damage    Failure   Level
a - Sandblast             Erth           70%        2d15      1%          1
b - Stone Arrow           Conj/Erth      54%        3d10      4%          3

Your spell library contained the following spells:

 Spells                   Type           Power      Damage    Failure   Level
 Passwall                 Tmut/Erth      19%        N/A       3%          2
 Dazzling Flash           Conj/Hex       24%        N/A       21%         3
 Petrify                  Tmut/Erth      23%        N/A       22%         4
 Iskenderun's Mystic Bla  Conj/Tloc      12%        2d5       56%         4
 Starburst                Conj/Fire      6%         6d4       100%        6


Dungeon Overview and Level Annotations

Branches:
Dungeon (10/15)            Temple (0/1) D:6
   Lair: D:8-11         Orc: D:9-12

Altars:
Ashenzari
Cheibriados
Gozag
Hepliaklqana
Kikubaaqudgha
Uskayaw
Xom

Shops:
D:4 (   D:9 (

Annotations:
D:6 2 runed translucent doors, elongatedgoose's ghost, novice MiFi


Innate Abilities, Weirdness & Mutations

You are immune to sickness and miasma.
Your stone body is resilient. (AC +7)
You are immune to poison.
You resist negative energy. (rN+)
You are resistant to electric shocks. (rElec)
You are resistant to unholy torment.
You are immune to petrification.


Message History

a +0 dagger; a kobold corpse You start resting.
Magic restored.
a - 10 scrolls labelled MERPHE IZXAISOILL (gained 1)
You open the door.
Found an ancient bone altar of Kikubaaqudgha.
Found a spear.
Found a hide-covered altar of Uskayaw.
n - 4 potions of curing (gained 1)
There is a hide-covered altar of Uskayaw here.
You now have 479 gold pieces (gained 9).
You now have 488 gold pieces (gained 9).
You now have 499 gold pieces (gained 11).
Key pressed, stopping explore.
Something hits you but does no damage.
Deactivating autopickup; reactivate with Ctrl-A.
You closely miss something. Something hits you! Something barely misses you.
Something hits you. Something hits you! Something hits you!
You slash something! Something hits you but does no damage. Something hits you!
Something hits you but does no damage. Something hits you but does no damage.
Aiming: Iceblast
Press: ? - help, Shift-Dir - straight line The mass of ice explodes!
The iceblast engulfs something!
The iceblast engulfs you!
* * * LOW HITPOINT WARNING * * *
Something hits you.
* * * LOW HITPOINT WARNING * * *
Aiming: Iceblast
Press: ? - help, Shift-Dir - straight line The mass of ice explodes!
The iceblast engulfs something!
Something hits you but does no damage.
Aiming: Iceblast
Press: ? - help, Shift-Dir - straight line The mass of ice explodes!
The iceblast engulfs something!
Reactivating autopickup.
You feel a bit more experienced. The iceblast engulfs you!
You die...

.......................##.
.......................#..
.......................#._
.........#############.#
#######..# #.## #..# #..#
#..# ##.#
######..#############..#
.........@..............#+
..........................
###########...............
.....................
......8.8.8..........
###.#.........#######
#.#.........# #
#......#..# #.#....)_#..#


There were no monsters in sight!

Vanquished Creatures
  An unseen horror (D:10)
  8 yaks
  2 wraiths
  A wyvern (D:10)
  A steam dragon (D:10)
  A water moccasin (D:8)
  An ice beast (D:3)
  2 ogres (D:6)
  A centaur (D:9)
  A kobold brigand (D:10)
  8 bullfrogs
  A necrophage (D:4)
  3 scorpions
  8 wights
  A jelly (D:5)
  2 orc priests
  An iguana (D:5)
  5 orc wizards
  10 gnolls
  7 adders
  2 white imps
  2 dart slugs
  19 orcs
  4 endoplasms (D:1)
  2 giant cockroaches
  8 goblins
  8 hobgoblins
  2 jackals
  12 kobolds
  3 ball pythons
  6 bats
  A frilled lizard (D:2)
  6 rats
140 creatures vanquished.

Notes
Turn   | Place    | Note
-------+----------+-------------------------------------------
     0 | D:1      | Coaxmetal the Gargoyle Earth Elementalist began the quest
                  | for the Orb.
     0 | D:1      | Reached XP level 1. HP: 10/10 MP: 3/3
    24 | D:1      | Reached skill level 1 in Transmutations
    24 | D:1      | Reached XP level 2. HP: 8/15 MP: 1/5
   916 | D:1      | Reached XP level 3. HP: 20/20 MP: 4/6
  1295 | D:2      | Reached skill level 1 in Fighting
  1376 | D:2      | Reached skill level 1 in Maces & Flails
  1547 | D:2      | Found a faded altar of an unknown god.
  1850 | D:2      | Reached XP level 4. HP: 24/25 MP: 2/7
  2002 | D:3      | Noticed a gnoll sergeant
  2304 | D:2      | Learned a level 3 spell: Stone Arrow
  2396 | D:3      | Found a shimmering altar of Xom.
  2397 | D:3      | Found a hazy altar of Hepliaklqana.
  2398 | D:3      | Noticed a spectral ugly thing
  2448 | D:3      | HP: 1/26 [fell downstairs (1)]
  2472 | D:3      | Reached XP level 5. HP: 30/30 MP: 4/9
  2887 | D:3      | Noticed an ice beast
  2891 | D:3      | Killed an ice beast
  2892 | D:3      | Reached skill level 5 in Earth Magic
  2892 | D:3      | Reached XP level 6. HP: 36/36 MP: 5/10
  3424 | D:4      | Found Hunaosh's Firing Range.
  3459 | D:4      | Reached XP level 7. HP: 41/41 MP: 7/12
  3753 | D:4      | Found a snail-covered altar of Cheibriados.
  4000 | D:5      | Entered Level 5 of the Dungeon
  4212 | D:5      | Found an opulent altar of Gozag.
  4672 | D:5      | Identified the +9 flail "Juyrulio" {freeze, rElec rPois
                  | Str+3 Int+3}
  4786 | D:6      | Found a staircase to the Ecumenical Temple.
  4837 | D:6      | Reached skill level 1 in Conjurations
  5228 | D:6      | Reached XP level 8. HP: 48/48 MP: 9/14
  5399 | D:6      | Found a large runed translucent door.
  5401 | D:6      | Found a large runed translucent door.
  5403 | D:6      | Noticed elongatedgoose's ghost (novice MiFi)
  5985 | D:7      | You fall into a shaft and drop 3 floors!
  5985 | D:10     | Entered Level 10 of the Dungeon
  5992 | D:10     | Noticed a death yak
  5992 | D:10     | Noticed a death yak
  5992 | D:10     | Noticed a yak
  5992 | D:10     | Noticed a yak
  5993 | D:10     | Noticed a death yak
  6029 | D:9      | Noticed a yak
  6030 | D:9      | Noticed a yak
  6059 | D:9      | Killed a yak
  6060 | D:9      | Reached skill level 5 in Fighting
  6330 | D:8      | Reached skill level 5 in Maces & Flails
  6330 | D:8      | Reached skill level 5 in Spellcasting
  6551 | D:8      | Identified the +7 dagger "Xigutag" {vamp, rF- Str+8 Int+4}
  6684 | D:8      | Reached XP level 9. HP: 54/54 MP: 12/16
  6695 | D:8      | Found a broken altar of Ashenzari.
  6888 | D:8      | Reached skill level 5 in Dodging
  7012 | D:9      | Reached skill level 1 in Armour
  7431 | D:9      | Found Archipt Asah's Antique Weapon Boutique.
  7471 | D:9      | HP: 1/55 [wraith (9)]
  8407 | D:10     | Reached XP level 10. HP: 30/61 MP: 6/19
  8933 | D:10     | Found an ancient bone altar of Kikubaaqudgha.
  8951 | D:10     | Found a hide-covered altar of Uskayaw.
  8997 | D:10     | Killed an unseen horror
  8997 | D:10     | Killed themself with a badly aimed iceblast

Illustrated notes

Levels and vault maps discovered:
D:1:      dpeg_arrival_stonehenge_12_columns, layout_basic,
          minmay_split_cup_large
D:2:      layout_rooms, ebering_ecumenical_altar_abandoned
D:3:      layout_rooms, regret_index_temple_of_mockery
D:4:      layout_basic, cheibriados_altar_1, nicolae_shop_firing_range
D:5:      layout_gridville, nicolae_gozag_cash_rules_everything_around_me,
          kennysheep_doodads
D:6:      layout_loops_ring, minmay_temple_entry_statues,
          ebering_ghost_disaster_area
D:7:      layout_basic, makhleb_grotto_becter,
          mainiacjoe_overflow_concentric_impassable, gammafunk_ghost_smash
D:8:      layout_rooms, nicolae_ashenzari_skybound,
          chequers_serial_rivers_micro_b
D:9:      layout_loops_ring, serial_shops, nicolae_shop_crystal,
          grunt_ministairs_9
D:10:     layout_long_grid, mainiacjoe_overflow_surrounded_room,
          eat_drink_and_be_merry_uskayaw, dpeg_lair_monsters

Skill      XL: |  1  2  3  4  5  6  7  8  9 10 |
---------------+-------------------------------+-----
Transmutations | 1 |  1.0
Earth Magic    | 4 5 7 |  7.3
Fighting       | 1 2 3 4 5 6 7 |  7.0
Maces & Flails | 1 2 3 4 5 |  5.0
Spellcasting   | 3 4 5 6 |  6.4
Dodging        | 2 3 4 5 |  5.0
Conjurations   | 1 3 |  3.0
Armour         | 4 |  4.6
Stealth        | |  2.4

Action                   |  1- 3 |  4- 6 |  7- 9 | 10-12 || total
-------------------------+-------+-------+-------+-------++-------
Melee: Whip              |     3 |    15 |       |       ||    18
       Falchion          |       |       |    14 |       ||    14
       Scimitar          |       |       |    18 |     4 ||    22
Throw: Throwing net      |       |       |     2 |       ||     2
       Dart              |       |       |     7 |       ||     7
 Cast: Sandblast         |    44 |    73 |   155 |     6 ||   278
       Stone Arrow       |       |       |    22 |    10 ||    32
Evoke: Wand              |       |       |       |     2 ||     2
  Use: Potion            |       |     1 |     6 |       ||     7
Armor: Leather armour    |    13 |    36 |    74 |     9 ||   132
Dodge: Dodged            |    22 |    41 |   100 |     8 ||   171
